3L
KINGSTON TOWNSHIP KNIGHTS @ ECHO PARK LAKERS
09/21/2039
 
TOP OF THE 1ST
Kingston Township Knights batting - Pitching for Echo Park Lakers : RHP Jordan Calhoun
Pitching: RHP Jordan Calhoun
Batting: RHB Daniel Maldonado 0-0: Ball
1-0: Ball
2-0: Ball
3-0: Called Strike
3-1: Hit by Pitch
Batting: RHB Takenao Wakabayashi 0-0: Ball
1-0: Called Strike
Daniel Maldonado steals 2nd base (no throw)
1-1: Swinging Strike
1-2: Ball
2-2: Ball
3-2: Foul Ball, location: 2F
3-2: Strikes out swinging
Batting: RHB Daniel McCoy 0-0: Called Strike
0-1: Fly out, F3 (Line Drive, 3, EV 65.6 MPH)
Batting: LHB Ed Mellor 0-0: Swinging Strike
0-1: Foul Ball, location: 2F
0-2: Foul Ball, location: 2F
0-2: Ball
1-2: Strikes out swinging
Top of the 1st over - 0 runs, 0 hits, 0 errors, 1 left on base; Kingston Township 0 - Echo Park 0
BOTTOM OF THE 1ST
Echo Park Lakers batting - Pitching for Kingston Township Knights : RHP Zebulon Vermillion
Pitching: RHP Zebulon Vermillion
Batting: LHB Wu-shun Chu 0-0: Ball
1-0: Called Strike
1-1: SINGLE (Flyball, 8LS, EV 98.1 MPH)
Batting: LHB Philip Todd 0-0: Called Strike
Wu-shun Chu steals 2nd base
0-1: Foul Ball, location: 2F
0-2: Foul Ball, location: 2F
0-2: Strikes out swinging
Batting: RHB Komotay Koffie 0-0: Ball
1-0: Foul Ball, location: 2F
1-1: SINGLE (Line Drive, 7S, EV 105.0 MPH)
Wu-shun Chu to third
Runner from 3rd tries for Home, throw by LF and OUT! 7-2
Komotay Koffie to second
Batting: LHB Tomás Muinos 0-0: Ball
1-0: Fly out, F8 (Flyball, 8RM, EV 91.2 MPH)
Bottom of the 1st over - 0 runs, 2 hits, 0 errors, 1 left on base; Kingston Township 0 - Echo Park 0
TOP OF THE 2ND
Kingston Township Knights batting - Pitching for Echo Park Lakers : RHP Jordan Calhoun
Batting: RHB Holden Ford 0-0: Ball
1-0: Foul Ball, location: 2F
1-1: Swinging Strike
1-2: Ground out 5-3 (Groundball, 56, EV 81.2 MPH)
Batting: RHB Alfredo Cardenas 0-0: Called Strike
0-1: Swinging Strike
0-2: Strikes out swinging
Batting: RHB Glenn Curtis 0-0: Ball
1-0: Foul Ball, location: 2F
1-1: Ball
2-1: Foul Ball, location: 2F
2-2: Foul Ball, location: 2F
2-2: Ball
3-2: SINGLE (Groundball, 15S, EV 74.4 MPH) (infield hit)
Batting: RHB Scott Robertson 0-0: Called Strike
0-1: Ball
Glenn Curtis is caught stealing 2nd base 2-4
Top of the 2nd over - 0 runs, 1 hit, 0 errors, 0 left on base; Kingston Township 0 - Echo Park 0
BOTTOM OF THE 2ND
Echo Park Lakers batting - Pitching for Kingston Township Knights : RHP Zebulon Vermillion
Batting: LHB John Schaefer 0-0: Foul Ball, location: 2F
0-1: Called Strike
0-2: Ball
1-2: Strikes out swinging, 2-3 out at first.
Batting: RHB Kyu-cheol Kye 0-0: Foul Ball, location: 2F
0-1: Called Strike
0-2: SINGLE (Line Drive, 78S, EV 104.4 MPH)
Batting: SHB Ryan Wood 0-0: Ball
1-0: Called Strike
1-1: Foul Ball, location: 2F
1-2: SINGLE (Line Drive, 7S, EV 106.9 MPH)
Kyu-cheol Kye to second
Kyu-cheol Kye to third
Batting: RHB Ryoma Yamamoto 0-0: Called Strike
0-1: SINGLE (Line Drive, 56, EV 97.5 MPH)
Kyu-cheol Kye scores
Ryan Wood to second
Batting: RHB Felipe Campos 0-0: Called Strike
0-1: Swinging Strike
0-2: Strikes out swinging
Batting: LHB Wu-shun Chu 0-0: Ball
1-0: Ball
2-0: Ball
3-0: Base on Balls
Ryan Wood to third
Ryoma Yamamoto to second
Batting: LHB Philip Todd 0-0: Ball
1-0: Ball
2-0: Ball
3-0: Called Strike
3-1: DOUBLE (Line Drive, 3D, EV 96.2 MPH)
Ryan Wood scores
Ryoma Yamamoto scores
Wu-shun Chu to third
Runner from 3rd tries for Home, SAFE, throw by RF to home
Batting: RHB Komotay Koffie 0-0: Ball
1-0: Ground out 4-3 (Groundball, 4M, EV 91.9 MPH)
Bottom of the 2nd over - 4 runs, 4 hits, 0 errors, 1 left on base; Kingston Township 0 - Echo Park 4
TOP OF THE 3RD
Kingston Township Knights batting - Pitching for Echo Park Lakers : RHP Jordan Calhoun
Batting: RHB Scott Robertson 0-0: Ground out 6-3 (Groundball, 6, EV 90.0 MPH)
Batting: RHB Khal Drogo 0-0: Ball
1-0: Foul Ball, location: 2F
1-1: Ground out 4-3 (Groundball, 34, EV 91.9 MPH)
Batting: RHB Daniel Maldonado 0-0: Ground out 6-3 (Groundball, 6, EV 84.4 MPH)
Top of the 3rd over - 0 runs, 0 hits, 0 errors, 0 left on base; Kingston Township 0 - Echo Park 4
BOTTOM OF THE 3RD
Echo Park Lakers batting - Pitching for Kingston Township Knights : RHP Zebulon Vermillion
Batting: LHB Tomás Muinos 0-0: Ball
1-0: Ball
2-0: Fly out, F7 (Flyball, 7, EV 86.2 MPH)
Batting: LHB John Schaefer 0-0: Called Strike
0-1: Ball
1-1: Ball
2-1: Called Strike
2-2: Foul Ball, location: 2F
2-2: Ball
3-2: Base on Balls
Batting: RHB Kyu-cheol Kye 0-0: Ball
1-0: Foul Ball, location: 2F
1-1: Ball
2-1: Ball
3-1: Foul Ball, location: 2F
3-2: SINGLE (Flyball, 78S, EV 89.4 MPH)
John Schaefer to second
Batting: SHB Ryan Wood 0-0: Foul Ball, location: 2F
0-1: Ball
1-1: Ball
2-1: Foul Ball, location: 2F
2-2: Foul Ball, location: 2F
2-2: Fielders Choice at 2nd, 4-6 (Groundball, 34, EV 76.9 MPH)
John Schaefer to third
Batting: RHB Ryoma Yamamoto 0-0: Ball
1-0: Called Strike
1-1: Foul Ball, location: 2F
1-2: Foul Ball, location: 2F
1-2: Ball
2-2: Fly out, F3 (Line Drive, 3, EV 66.9 MPH)
Bottom of the 3rd over - 0 runs, 1 hit, 0 errors, 2 left on base; Kingston Township 0 - Echo Park 4
TOP OF THE 4TH
Kingston Township Knights batting - Pitching for Echo Park Lakers : RHP Jordan Calhoun
Batting: RHB Takenao Wakabayashi 0-0: Ball
1-0: Ground out 5-3 (Groundball, 5, EV 83.8 MPH)
Batting: RHB Daniel McCoy 0-0: Swinging Strike
0-1: Foul Ball, location: 2F
0-2: Fly out, F7 (Flyball, 78D, EV 85.6 MPH)
Batting: LHB Ed Mellor 0-0: Foul Ball, location: 2F
0-1: Swinging Strike
0-2: SINGLE (Groundball, 5, EV 91.9 MPH) (infield hit)
Batting: RHB Holden Ford 0-0: Foul Ball, location: 2F
0-1: Ball
1-1: Ball
2-1: Ball
3-1: DOUBLE (Flyball, 89XD, EV 91.2 MPH)
Ed Mellor to third
Runner from 3rd tries for Home, SAFE, throw by CF to trailing runner, SAFE at third!
Batting: RHB Alfredo Cardenas 0-0: Called Strike
0-1: Called Strike
0-2: Ball
1-2: Strikes out swinging
Top of the 4th over - 1 run, 2 hits, 0 errors, 1 left on base; Kingston Township 1 - Echo Park 4
BOTTOM OF THE 4TH
Echo Park Lakers batting - Pitching for Kingston Township Knights : RHP Zebulon Vermillion
Batting: RHB Felipe Campos 0-0: Fly out, F7 (Flyball, 78S, EV 71.2 MPH)
Batting: LHB Wu-shun Chu 0-0: Ball
1-0: Called Strike
1-1: Ball
2-1: Ball
3-1: Ground out 4-3 (Groundball, 4, EV 88.1 MPH)
Batting: LHB Philip Todd 0-0: Ball
1-0: Ball
2-0: Swinging Strike
2-1: Foul Ball, location: 2F
2-2: Ball
3-2: Ground out U3 (Groundball, 34, EV 108.8 MPH)
Bottom of the 4th over - 0 runs, 0 hits, 0 errors, 0 left on base; Kingston Township 1 - Echo Park 4
TOP OF THE 5TH
Kingston Township Knights batting - Pitching for Echo Park Lakers : RHP Jordan Calhoun
Batting: RHB Glenn Curtis 0-0: Called Strike
0-1: Ball
1-1: Ball
2-1: TRIPLE (Flyball, 78XD, EV 101.9 MPH)
Batting: RHB Scott Robertson 0-0: Ground out 5-3 (Groundball, 56, EV 83.1 MPH)
Glenn Curtis scores
Batting: RHB Khal Drogo 0-0: Foul Ball, location: 2F
0-1: DOUBLE (Flyball, 8RXD, EV 100.0 MPH)
Batting: RHB Daniel Maldonado 0-0: Ball
1-0: Called Strike
1-1: Ball
2-1: Ground out 5-3 (Groundball, 56S, EV 79.4 MPH)
Batting: RHB Takenao Wakabayashi 0-0: Ground out U3 (Groundball, 34, EV 87.5 MPH)
Top of the 5th over - 1 run, 2 hits, 0 errors, 1 left on base; Kingston Township 2 - Echo Park 4
BOTTOM OF THE 5TH
Echo Park Lakers batting - Pitching for Kingston Township Knights : RHP Zebulon Vermillion
Batting: RHB Komotay Koffie 0-0: Called Strike
0-1: Swinging Strike
0-2: Ball
1-2: Fly out, F8 (Line Drive, 8LM, EV 90.0 MPH)
Batting: LHB Tomás Muinos 0-0: Foul Ball, location: 2F
0-1: Ball
1-1: SOLO HOME RUN (Flyball, 9LD, EV 88.8 MPH), Distance : 360 ft
Batting: LHB John Schaefer 0-0: Ball
1-0: Foul Ball, location: 2F
1-1: Foul Ball, location: 2F
1-2: Fly out, F4 (Popup, 34S, EV 76.9 MPH)
Batting: RHB Kyu-cheol Kye 0-0: Ball
1-0: SINGLE (Groundball, 6MD, EV 108.8 MPH)
Batting: SHB Ryan Wood 0-0: Fly out, F7 (Flyball, 7LS, EV 80.6 MPH)
Bottom of the 5th over - 1 run, 2 hits, 0 errors, 1 left on base; Kingston Township 2 - Echo Park 5
TOP OF THE 6TH
Kingston Township Knights batting - Pitching for Echo Park Lakers : RHP Jordan Calhoun
Batting: RHB Daniel McCoy 0-0: Ball
1-0: Foul Ball, location: 2F
1-1: Foul Ball, location: 2F
1-2: DOUBLE (Line Drive, 9LS, EV 95.0 MPH)
Batting: LHB Ed Mellor 0-0: Ball
1-0: Swinging Strike
1-1: Ball
2-1: Ball
3-1: Base on Balls
Pitching: RHP Jeffery Prosser
Batting: RHB Holden Ford 0-0: Ball
1-0: Grounds into double play, U5-3 (Groundball, 5L, EV 104.4 MPH)
Ed Mellor to second
Batting: RHB Alfredo Cardenas 0-0: Called Strike
0-1: Ball
1-1: Called Strike
1-2: Strikes out swinging
Top of the 6th over - 0 runs, 1 hit, 0 errors, 1 left on base; Kingston Township 2 - Echo Park 5
BOTTOM OF THE 6TH
Echo Park Lakers batting - Pitching for Kingston Township Knights : RHP Zebulon Vermillion
Batting: RHB Ryoma Yamamoto 0-0: Ball
1-0: Foul Ball, location: 2F
1-1: Foul Ball, location: 2F
1-2: Foul Ball, location: 2F
1-2: Foul Ball, location: 2F
1-2: Foul Ball, location: 2F
1-2: Reached on error, E5 (Groundball, 5S, EV 85.6 MPH)
Pitching: RHP Jack Salt
Batting: RHB Felipe Campos 0-0: Called Strike
0-1: Sac Bunt to 5S - play at first, batter OUT! 5-3
Ryoma Yamamoto to second
Batting: LHB Wu-shun Chu 0-0: Called Strike
0-1: Ball
Wild Pitch!
Ryoma Yamamoto to third
1-1: Swinging Strike
1-2: Ball
2-2: Foul Ball, location: 2F
2-2: Strikes out swinging
Batting: LHB Philip Todd 0-0: Ball
1-0: Fly out, F8 (Flyball, 8LXD, EV 90.6 MPH)
Bottom of the 6th over - 0 runs, 0 hits, 1 error, 1 left on base; Kingston Township 2 - Echo Park 5
TOP OF THE 7TH
Kingston Township Knights batting - Pitching for Echo Park Lakers : RHP Jeffery Prosser
Batting: RHB Glenn Curtis 0-0: Called Strike
0-1: Ball
1-1: Swinging Strike
1-2: SOLO HOME RUN (Flyball, 7D, EV 93.1 MPH), Distance : 381 ft
Batting: RHB Scott Robertson 0-0: Called Strike
0-1: Ground out 2-3 (Groundball, 15S, EV 69.4 MPH)
Batting: RHB Khal Drogo 0-0: Foul Ball, location: 2F
0-1: Ball
1-1: Ball
2-1: Foul Ball, location: 2F
2-2: Ball
3-2: Ground out 1-3 (Groundball, 13, EV 64.4 MPH)
Batting: RHB Daniel Maldonado 0-0: Called Strike
0-1: Ground out 5-3 (Groundball, 56, EV 78.8 MPH)
Top of the 7th over - 1 run, 1 hit, 0 errors, 0 left on base; Kingston Township 3 - Echo Park 5
BOTTOM OF THE 7TH
Echo Park Lakers batting - Pitching for Kingston Township Knights : RHP Jack Salt
Batting: RHB Komotay Koffie 0-0: Called Strike
0-1: Called Strike
0-2: Strikes out looking
Batting: LHB Tomás Muinos 0-0: Ball
1-0: Called Strike
1-1: Ball
2-1: Swinging Strike
2-2: Ball
3-2: Foul Ball, location: 2F
3-2: Strikes out looking
Batting: LHB John Schaefer 0-0: Ball
1-0: Ball
2-0: Ball
3-0: Base on Balls
Batting: RHB Kyu-cheol Kye 0-0: Called Strike
0-1: Swinging Strike
0-2: Foul Ball, location: 2F
0-2: Ball
1-2: Ball
2-2: SINGLE (Groundball, 4MD, EV 101.2 MPH)
John Schaefer to second
Batting: SHB Ryan Wood 0-0: Ball
1-0: Ball
2-0: Called Strike
2-1: Swinging Strike
2-2: Strikes out swinging, 2-3 out at first.
Bottom of the 7th over - 0 runs, 1 hit, 0 errors, 2 left on base; Kingston Township 3 - Echo Park 5
TOP OF THE 8TH
Kingston Township Knights batting - Pitching for Echo Park Lakers : RHP Jeffery Prosser
Batting: RHB Takenao Wakabayashi 0-0: Ball
1-0: Swinging Strike
1-1: SINGLE (Groundball, 3D, EV 104.4 MPH)
Batting: RHB Daniel McCoy 0-0: Called Strike
0-1: Ball
1-1: Ball
2-1: DOUBLE (Line Drive, 8RXD, EV 111.9 MPH)
Takenao Wakabayashi to third
Pitching: LHP Luis Díaz
Batting: LHB Ed Mellor 0-0: Ball
1-0: Called Strike
1-1: Fly out, F8 (Line Drive, 8RD, EV 90.6 MPH)
Runner from 3rd tags up, SCORES, throw by CF
Batting: RHB Holden Ford 0-0: Foul Ball, location: 2F
0-1: Foul Ball, location: 2F
0-2: Ball
1-2: Ball
2-2: Ball
3-2: Base on Balls
Batting: RHB Alfredo Cardenas 0-0: Ball
1-0: Called Strike
1-1: Fielders Choice at 2nd, 5-4 (Groundball, 5S, EV 86.2 MPH)
Daniel McCoy to third
Batting: RHB Glenn Curtis 0-0: Ball
1-0: Ball
2-0: Fly out, F8 (Line Drive, 8RM, EV 96.9 MPH)
Top of the 8th over - 1 run, 2 hits, 0 errors, 2 left on base; Kingston Township 4 - Echo Park 5
BOTTOM OF THE 8TH
Echo Park Lakers batting - Pitching for Kingston Township Knights : RHP Jack Salt
Batting: RHB Ryoma Yamamoto 0-0: Called Strike
0-1: Called Strike
0-2: SINGLE (Groundball, 34D, EV 95.6 MPH)
Pitching: LHP David Blake
Batting: RHB Felipe Campos 0-0: Sac Bunt to 15 - play at first, batter OUT! 1-4
Ryoma Yamamoto to second
Batting: LHB Wu-shun Chu 0-0: Ball
1-0: Ball
2-0: Swinging Strike
2-1: Ball
3-1: Foul Ball, location: 2F
3-2: Strikes out looking
Batting: LHB Philip Todd 0-0: Ball
1-0: Called Strike
1-1: Called Strike
1-2: Ground out 6-3 (Groundball, 4MD, EV 108.8 MPH)
Bottom of the 8th over - 0 runs, 1 hit, 0 errors, 1 left on base; Kingston Township 4 - Echo Park 5
TOP OF THE 9TH
Kingston Township Knights batting - Pitching for Echo Park Lakers : LHP Luis Díaz
Pitching: RHP Ed Abood
Now in RF: Kamakakoa Kaponianani
Batting: RHB Scott Robertson 0-0: Called Strike
0-1: Ball
1-1: Fly out, F8 (Flyball, 8LM, EV 83.1 MPH)
Batting: RHB Khal Drogo 0-0: Ball
1-0: Called Strike
1-1: Ball
2-1: SINGLE (Line Drive, 6D, EV 98.8 MPH)
Batting: RHB Daniel Maldonado 0-0: Ball
1-0: Foul Ball, location: 2F
1-1: Ball
2-1: Grounds into double play, 4-6-3 (Groundball, 34, EV 78.1 MPH)
Top of the 9th over - 0 runs, 1 hit, 0 errors, 0 left on base; Kingston Township 4 - Echo Park 5
Wednesday, July 8th, 2020 - OOTP Baseball 20.8 Build 74